 Dungeon Crawl Stone Soup version 0.28.0-45-g0d030f2227 (webtiles) character file.

Game seed: 8487913720055137757

68 Andrea the Ruffian (level 4, 0/40 HPs)
             Began as a Ghoul Monk on Apr 24, 2022.
             Slain by a gnoll
             ... wielding a +0 spear
              (6 damage)
             ... on level 2 of the Dungeon.
             The game lasted 00:02:33 (1953 turns).

Andrea the Ruffian (Ghoul Monk)                     Turns: 1953, Time: 00:02:34

Health: 0/40       AC:  4    Str: 12 (14) XL:     4   Next: 19%
Magic:  3/3        EV: 12    Int:  5 (7)  God:
Gold:   105        SH:  0    Dex:  9 (11) Spells: 3/3 levels left

rFire   . . .      SeeInvis .     - Unarmed
rCold   + . .      Faith    .   (no shield)
rNeg    + + +      Spirit   .   a - +0 robe
rPois   ∞          Reflect  .   (no helmet)
rElec   .          Harm     .   (no cloak)
rCorr   .          Rampage  .   k - +0 pair of gloves
Will    .....                   b - +0 pair of boots
Stlth   ++........              (no amulet)
HPRegen 0.00/turn               (no ring)
MPRegen 0.08/turn               (no ring)

@: flying, inhibited regen
A: claws 1, cold resistance 1, negative energy resistance 3, inhibited
regeneration, torment resistance 2
a: no special abilities


You were on level 2 of the Dungeon.
You visited 1 branch of the dungeon, and saw 3 of its levels.

You collected 105 gold pieces.

Inventory:

Armour
 a - a +0 robe (worn)
 b - a +0 pair of boots (worn)
 k - a +0 pair of gloves (worn)
Scrolls
 e - a scroll of teleportation {unknown}
 f - 3 scrolls of immolation {unknown}
 i - a scroll of identify {unknown}
 j - a scroll of amnesia {unknown}


   Skills:
 + Level 3.8 Fighting
 - Level 2.6 Dodging
 - Level 2.1 Stealth
 * Level 5.1 Unarmed Combat


You had 3 spell levels left.
You didn't know any spells.
Your spell library contained the following spells:

 Spells                   Type           Power      Damage    Failure   Level
 Sting                    Tmut/Pois      0%         1d3       47%         1
 Poisonous Vapours        Pois/Air       0%         N/A       63%         2
 Call Canine Familiar     Summ           0%         N/A       85%         3
 Portal Projectile        Hex/Tloc       0%         N/A       85%         3
 Leda's Liquefaction      Hex/Erth       0%         N/A       99%         4
 Olgreb's Toxic Radiance  Pois           0%         N/A       99%         4


Dungeon Overview and Level Annotations

Branches:
Dungeon (3/15)

Altars:
Beogh

Shops:
D:1 (


Innate Abilities, Weirdness & Mutations

You thrive by killing the living.
You are immune to poison.
You have sharp fingernails.
Your flesh is cold resistant. (rC+)
You are immune to negative energy. (rN+++)
You do not regenerate when monsters are visible.
You are immune to unholy pain and torment.


Message History

The gnoll hits you from afar with a +0 spear.
The gnoll hits you from afar with a +0 spear.
You barely miss the gnoll. The gnoll hits you with a +0 flail.
You closely miss the gnoll. The gnoll hits you but does no damage.
You hit the gnoll but do no damage. You punch the gnoll, but do no damage.
The gnoll closely misses you. The gnoll barely misses you.
You hit the gnoll.
The gnoll is moderately wounded.
The gnoll hits you with a +0 flail!
The gnoll hits you from afar with a +0 spear.
* * * LOW HITPOINT WARNING * * *
You barely miss the gnoll.
The gnoll is moderately wounded.
The gnoll hits you with a +0 flail.
* * * LOW HITPOINT WARNING * * *
The gnoll hits you from afar with a +0 spear.
* * * LOW HITPOINT WARNING * * *
It was a potion of curing.
You feel better. The gnoll hits you with a +0 flail.
* * * LOW HITPOINT WARNING * * *
The gnoll hits you from afar with a +0 spear.
* * * LOW HITPOINT WARNING * * *
It was a potion of ambrosia.
You are confused.
You feel invigorated. The gnoll hits you with a +0 flail.
* * * LOW HITPOINT WARNING * * *
The gnoll barely misses you.
It was a potion of flight.
You feel very buoyant.
You fly up into the air.
The gnoll hits you with a +0 flail.
* * * LOW HITPOINT WARNING * * *
The gnoll hits you from afar with a +0 spear!
* * * LOW HITPOINT WARNING * * *
It was a potion of degeneration.
There was something very wrong with that liquid.
You feel weakened.
You feel dopey.
You feel clumsy.
You feel less invigorated.
You feel less confused. The gnoll barely misses you.
The gnoll hits you from afar with a +0 spear.
You die...

..###.### #......... ........#
#......... ........# #.........
........# #......... ........#
#........> ........# #.........
#####'### #.........
#.##################.........
#.#.........@gg.............#
#####.#.#########################
......#.#(............# #....
#.###.#.#.###########.# #.###
..........###########'#######.###
##(.###...................#......
.#..#....#########........#......
.#..###..# #........#......
.........# #........#......


You could see 2 gnolls.

Vanquished Creatures
  2 adders (D:2)
  A worm (D:2)
  2 dart slugs (D:1)
  3 ball pythons
  An endoplasm (D:2)
  4 giant cockroaches (D:1)
  4 goblins
  6 hobgoblins
  3 jackals (D:1)
  6 kobolds
  A quokka (D:2)
  3 bats (D:1)
  4 rats
40 creatures vanquished.

Notes
Turn   | Place    | Note
-------+----------+-------------------------------------------
     0 | D:1      | Andrea the Ghoul Monk began the quest for the Orb.
     0 | D:1      | Reached XP level 1. HP: 19/19 MP: 0/0
    31 | D:1      | Found Qorocal's Antique Weapon Shop.
   185 | D:1      | Reached XP level 2. HP: 26/26 MP: 1/1
   456 | D:1      | Reached skill level 4 in Unarmed Combat
   543 | D:1      | Reached XP level 3. HP: 28/31 MP: 2/2
   658 | D:1      | Found a faded altar of an unknown god.
  1219 | D:2      | Reached XP level 4. HP: 38/40 MP: 3/3
  1531 | D:2      | Reached skill level 5 in Unarmed Combat
  1891 | D:3      | Noticed a water moccasin
  1952 | D:2      | HP: 2/40 [gnoll/+0 spear (9)]
  1953 | D:2      | Slain by a gnoll

Illustrated notes

Levels and vault maps discovered:
D:1:      ncdulo_lavacross, layout_rooms, serial_shops,
          nicolae_shop_statue_plus, hellmonk_ecumenical_altar_defaced_shrine,
          corexii_item_surrounded_by_moat, chequers_mini_garden,
          columned_hall_lemuel, minmay_ruptured
D:2:      layout_basic, chequers_garden, minmay_misc_feat_nine_boxes
D:3:      layout_basic, serial_shops, nicolae_shop_stone, chequers_big_river,
          uniq_natasha

Skill      XL: |  1  2  3  4 |
---------------+-------------+-----
Unarmed Combat | 4 5 |  5.1
Fighting       | |  3.8
Dodging        | |  2.6
Stealth        | |  2.1

Action                   |  1- 3 |  4- 6 || total
-------------------------+-------+-------++-------
Melee: Unarmed           |   103 |    27 ||   130
       Punch             |     5 |     1 ||     6
  Use: Potion            |       |     4 ||     4
 Stab: Sleeping          |     2 |       ||     2
Armor: Robe              |    25 |     6 ||    31
Dodge: Dodged            |    51 |    19 ||    70
